 Dungeon Crawl Stone Soup version 0.23-a0-586-gacb4b3f (webtiles) character file.

61 inc the Conjurer (level 3, -2/14 HPs)
             Began as a Felid Fire Elementalist on Dec 18, 2018.
             Was an Initiate of Yredelemnul.
             Slain by an adder (3 damage)
             ... on level 2 of the Dungeon.
             The game lasted 00:03:01 (2026 turns).

inc the Conjurer (Felid Fire Elementalist)          Turns: 2026, Time: 00:03:02

Health: -2/14      AC:  3    Str:  4    XL:     3   Next: 83%
Magic:  2/7        EV: 18    Int: 17    God:    Yredelemnul [......]
Gold:   59         SH:  0    Dex: 16    Spells: 5/6 levels left
                                        Lives:  0   Deaths: 0

rFire    . . .     SeeInvis +   (weapon unavailable)
rCold    . . .     Gourm    .   (shield unavailable)
rNeg     . . .     Faith    +   (armour unavailable)
rPois    .         Spirit   .   (helmet unavailable)
rElec    .         Reflect  .   (cloak unavailable)
rCorr    .         Harm     .   (gloves unavailable)
MR       .....                  (boots unavailable)
Stlth    +++.......             a - amulet of faith
HPRegen  0.04/turn              (no ring)
MPRegen  0.10/turn              (no ring)

@: lethally poisoned (-2 -> -9), very slightly contaminated, invisible, quick
A: very small, no armour, no weapons or thrown items, stealth, claws 1, fangs 3,
thin metallic scales 1, see invisible, carnivore, speed 1, screaming 1, shaggy
fur 1, slow metabolism 1, sharp paws
a: Renounce Religion


You were on level 2 of the Dungeon.
You worshipped Yredelemnul.
Yredelemnul was noncommittal.
You were hungry.

You visited 1 branch of the dungeon, and saw 4 of its levels.

You collected 59 gold pieces.

Inventory:

Jewellery
 a - an amulet of faith (around neck)
Scrolls
 c - 2 scrolls of magic mapping {unknown}
 d - a scroll of remove curse {unknown}
 e - a scroll of identify {unknown}
 h - a scroll of fear {unknown}
Potions
 f - a potion of curing {unknown}
 g - a potion of invisibility
 i - a potion of mutation
Comestibles
 b - 2 rations


   Skills:
 - Level 2.6 Dodging
 - Level 2.6 Stealth
 - Level 2.0 Spellcasting
 + Level 3.1 Conjurations
 + Level 3.0 Fire Magic


You had 5 spell levels left.
You knew the following spells:

 Your Spells              Type           Power        Failure   Level  Hunger
a - Flame Tongue          Conj/Fire      ##...        5%          1    #......

Your spell library contained the following spells:

 Spells                   Type           Power        Failure   Level  Hunger
 Throw Flame              Conj/Fire      ##....       9%          2    ###....
 Conjure Flame            Conj/Fire      ##......     16%         3    ###....
 Inner Flame              Hex/Fire       #.......     30%         3    ###....
 Sticky Flame             Conj/Fire      ##......     47%         4    #####..
 Fireball                 Conj/Fire      ##........   83%         5    ######.


Dungeon Overview and Level Annotations

Branches:
Dungeon (4/15)
 Temple: D:4-7

Altars:
Yredelemnul


Innate Abilities, Weirdness & Mutations

You cannot wear armour.
You are incapable of wielding weapons or throwing items.
Your paws allow you to move quietly. (Stealth)
You have sharp claws.
You have razor-sharp teeth.
You have supernaturally acute eyesight. (SInv)
You are carnivorous and can eat meat at any time.
You cover ground quickly.
You are covered in fur. (AC +1)
You have a slow metabolism.
Your sharp claws are effective at attacking unaware monsters.
You are partially covered in thin metallic scales. (AC +2)
You occasionally shout uncontrollably at your foes.


Message History

The worker ant barely misses you.
You are very lightly contaminated with residual magic.
The worker ant misses you.
There is a stone staircase leading up here.
You climb upwards.
The worm misses you. The hobgoblin misses you.
There is a stone staircase leading down here.
There is a stone staircase leading up here.
You climb upwards.
The adder misses you. The adder bites you.
* * * LOW HITPOINT WARNING * * *
You are lethally poisoned!
The adder poisons you!
There is a stone staircase leading down here.
* * * LOW HITPOINT WARNING * * *
You feel sick.
It was a potion of mutation.
You feel extremely strange.
You feel the urge to shout.
Thin metallic scales grow over part of your body.
The adder bites you.
You die...
Your body rises from the dead as a mindless zombie.

.?# #......+_'....# ####...##...
..# #....#######..# #...........
..# #....# ### #..# #.####.#....
..# #....#######..# #.####.#....
..# #.............# ##...........
..# #.....##..##..# #..........##
..+...............# #..........#
..###########.##..# #..........##
..#.............@S# #..........'.
###.#####.###.#######..........#.
....#.....# #.......'............
#####.###.###########............
#.....# #.#.....)................
#.##### #.#.########.............
#.# ####.#.# #.####.#.#.#.. #.#
#......# #.# #.#.#.... #.#
######## #.# #.#......


You could see an adder.

Vanquished Creatures
  2 adders (D:2)
  2 oozes
  A leopard gecko (D:1)
  8 bats
  2 giant cockroaches
  2 goblins
  2 hobgoblins
  2 jackals (D:1)
  3 kobolds
  A quokka (D:2)
  2 ball pythons (D:1)
  3 frilled lizards
  4 rats
34 creatures vanquished.

Notes
Turn   | Place    | Note
-------+----------+-------------------------------------------
     0 | D:1      | inc the Felid Fire Elementalist began the quest for the
                  | Orb.
     0 | D:1      | Reached XP level 1. HP: 7/7 MP: 4/4
     1 | D:1      | Reached skill level 1 in Conjurations
   196 | D:1      | Reached XP level 2. HP: 11/11 MP: 0/6
  1265 | D:2      | Reached XP level 3. HP: 10/14 MP: 3/7
  1358 | D:2      | Found a basalt altar of Yredelemnul.
  1391 | D:2      | Became a worshipper of Yredelemnul the Dark
  2026 | D:2      | Gained mutation: You occasionally shout uncontrollably at
                  | your foes. [potion of mutation]
  2026 | D:2      | Gained mutation: You are partially covered in thin metallic
                  | scales. (AC +2) [potion of mutation]
  2026 | D:2      | Slain by an adder

Vault maps used:
D:1:      onia_arrival_mini_maze_b
D:2:      lemuel_doored_altar
D:3:      led_sif_book, minmay_misc_feat_enclosed, chequers_big_river, uniq_ijyb
D:4:      regret_index_temple_of_mockery, gammafunk_temple_overflow_statue,
          minmay_temple_entry_proselytizer, first_ration, serial_shops, shop,
          uniq_edmund

Skill      XL: |  1  2  3 |
---------------+----------+-----
Conjurations   | 1 2 3 |  3.1
Fire Magic     | 3 |  3.0
Dodging        | |  2.6
Stealth        | |  2.6
Spellcasting   | |  2.0

Action                   || total
-------------------------++-------
Melee: Unarmed           ||     2
 Cast: Flame Tongue      ||    68
  Use: Potion            ||     2
  Eat: Chunk             ||     1
Armor: Skin              ||     2
Dodge: Dodged            ||    33

Table legend:
 A = Non-vault XP
 B = Vault XP
 C = Vault XP percentage of total XP
 D = Non-vault monster count
 E = Vault monster count
 F = Vault count percentage of total count
                 A         B        C        D         E       F
            +---------+---------+-------+---------+---------+-------
      Total |      88 |       0 |   0.0 |      34 |       0 |   0.0
            +---------+---------+-------+---------+---------+-------
        D:1 |      39 |       0 |   0.0 |      22 |       0 |   0.0
        D:2 |      49 |       0 |   0.0 |      12 |       0 |   0.0
            +---------+---------+-------+---------+---------+-------
